 Dungeon Crawl Stone Soup version 0.31.0-11-ge490571c62 (webtiles) character file.

Game seed: 16095727516709031679

193 Silvore the Trooper (level 5, 0/42 HPs)
             Began as a Demonspawn Fighter on Feb 9, 2024.
             Slain by Grinder (9 damage)
             ... on level 4 of the Dungeon.
             The game lasted 00:03:02 (1925 turns).

Silvore the Trooper (Demonspawn Fighter)            Turns: 1925, Time: 00:03:03

Health: 0/42       AC: 11    Str: 20    XL:     5   Next: 44%
Magic:  5/5        EV:  9    Int:  8    God:
Gold:   179        SH:  9    Dex: 15    Spells: 4/4 levels left

rFire   + . .        a - +1 long sword
rCold   x . .        c - +0 buckler
rNeg    . . .        b - +0 scale mail
rPois   .            k - +0 helmet
rElec   .            f - +1 cloak of the Hall of Blades {Harm Str+2 Dex+2}
rCorr   .            (no gloves)
SInv    .            h - +0 pair of boots
Will    .....        (no amulet) Stlth
                     j - ring of fire
HPRegen 0.27/turn    (no ring)
MPRegen 0.09/turn

%: harm (+30% outgoing, +20% incoming)
@: no status effects
A: powered by pain 1, condensation shield
a: no special abilities


You were on level 4 of the Dungeon.
You visited 1 branch of the dungeon, and saw 4 of its levels.

You collected 179 gold pieces.

Inventory:

Hand Weapons
 a - a +1 long sword (weapon)
Armour
 b - a +0 scale mail (worn)
 c - a +0 buckler (worn)
 f - the +1 cloak of the Hall of Blades (worn) {Harm Str+2 Dex+2}
   (You acquired it on level 2 of the Dungeon)

   Str+2:     It affects your strength (+2).
   Dex+2:     It affects your dexterity (+2).
   Harm:      It increases damage dealt and taken.
 h - a +0 pair of boots (worn)
 k - a +0 helmet (worn)
Jewellery
 j - a ring of fire (left hand)
Potions
 d - 2 potions of might
 e - 2 potions of resistance {unknown}
 g - a potion of curing {unknown}
 i - 2 potions of attraction {unknown}
 l - a potion of berserk rage {unknown}
 n - a potion of magic {unknown}
 o - a potion of mutation {unknown}


   Skills:
 + Level 3.8 Fighting
 + Level 3.6 Long Blades
 + Level 3.4 Armour
 + Level 0.8 Dodging
 + Level 3.1 Shields


You had 4 spell levels left.
You didn't know any spells.
Your spell library contained the following spells:

 Spells                   Type           Power      Damage    Failure   Level
 Manifold Assault         Tloc           0%         N/A       100%        4
 Dispersal                Tloc           0%         N/A       100%        6
 Disjunction              Tloc           0%         N/A       100%        8


Dungeon Overview and Level Annotations

Branches:
Dungeon (4/15)
 Temple: D:4-7

Altars:
Cheibriados
Dithmenos
Kikubaaqudgha
Ru
Trog
Uskayaw

Annotations:
D:4 Grinder


Innate Abilities, Weirdness & Mutations

You sometimes gain a little power by taking damage.
A meltable shield of frost defends you. (SH +4)


Message History

Grinder hits you but does no damage.
The endoplasm hits you but does no damage.
You hit Grinder.
Grinder is lightly wounded.
You block the endoplasm's attack. Grinder hits you but does no damage.
You barely miss Grinder.
Grinder is lightly wounded.
The endoplasm freezes you.
You are frozen.
You feel a terrible chill! Grinder gestures at you.
Pain shoots through your body!
* * * LOW HITPOINT WARNING * * *
You hit the endoplasm.
The endoplasm is moderately wounded.
Grinder blinks!
The endoplasm hits you but does no damage. x2
Grinder gestures at you. You resist with significant effort.
You slash the endoplasm!
You kill the endoplasm!
Grinder says, "You look like you could use a good racking."
Grinder gestures at you.
You suddenly lose the ability to move!
You can move again.
Grinder blinks!
There is a stone staircase leading down here.
Grinder says, "DUCK!"
Grinder hits you but does no damage.
You hit Grinder but do no damage.
Grinder is lightly wounded.
Grinder barely misses you.
You barely miss Grinder.
Grinder is lightly wounded.
Grinder hits you.
* * * LOW HITPOINT WARNING * * *
You hit Grinder.
Grinder is lightly wounded.
You block Grinder's attack. Grinder hits you!
You die...
Grinder says, "Now the real fun starts!"

#...........###......
####.....#### #.....
#.....# ..##.
#.....## #.#
###...#.## .#
###.#..# ##.##.####
#.....5.>#
#......@.#.#
#..........#
##.#.#.....#
#.#.##...##
#>..##...# ##..##...#
#..###..# #..# ..#
#..# ...


You could see Grinder.

Vanquished Creatures
  A scorpion (D:3)
  A bombardier beetle (D:4)
  An orc priest (D:2)
  An orc wizard (D:3)
  2 dart slugs
  A ribbon worm (D:3)
  6 orcs
  2 endoplasms
  2 giant cockroaches (D:2)
  5 goblins
  5 hobgoblins
  3 kobolds
  A quokka (D:1)
  2 ball pythons (D:2)
  A bat (D:3)
  3 frilled lizards
  A rat (D:3)
38 creatures vanquished.

Notes
Turn   | Place    | Note
-------+----------+-------------------------------------------
     0 | D:1      | Silvore the Demonspawn Fighter began the quest for the Orb.
     0 | D:1      | Reached XP level 1. HP: 18/18 MP: 1/1
   220 | D:1      | Gained mutation: A meltable shield of frost defends you.
                  | (SH +4) [demonic ancestry]
   220 | D:1      | Reached XP level 2. HP: 24/24 MP: 2/2
   680 | D:2      | Found a bloodstained altar of Trog.
  1164 | D:2      | Identified a scroll of acquirement
  1164 | D:2      | Acquired the +1 cloak of the Hall of Blades {Harm Str+2
                  | Dex+2}
  1210 | D:2      | Reached XP level 3. HP: 13/29 MP: 3/3
  1292 | D:3      | Noticed a scorpion
  1300 | D:3      | Killed a scorpion
  1301 | D:3      | Reached XP level 4. HP: 32/36 MP: 4/4
  1678 | D:3      | Found a shadowy altar of Dithmenos.
  1681 | D:3      | Found a hide-covered altar of Uskayaw.
  1700 | D:3      | Found a sacrificial altar of Ru.
  1704 | D:3      | Found an ancient bone altar of Kikubaaqudgha.
  1802 | D:4      | Found a snail-covered altar of Cheibriados.
  1820 | D:3      | Gained mutation: You sometimes gain a little power by
                  | taking damage. [demonic ancestry]
  1820 | D:3      | Reached XP level 5. HP: 21/42 MP: 5/5
  1902 | D:4      | Noticed Grinder
  1910 | D:4      | Paralysed by Grinder for 5 turns
  1925 | D:4      | Slain by Grinder

Illustrated notes

Levels and vault maps discovered:
D:1:      psy_arrival_basics, layout_basic, serial_bayou_lagoon_b
D:2:      layout_loops_cross, basic_altar, minmay_misc_feat_roman
D:3:      layout_basic, minmay_overflow_temple_star_hex
D:4:      layout_rooms, slow_altar_1, mainiacjoe_overflow_surrounded_room,
          cheibrodos_sewer_entry_drain, minmay_splitting_lines, uniq_grinder

Skill      XL: |  1  2  3 |
---------------+----------+-----
Long Blades    | 2 3 |  3.6
Armour         | 3 |  3.4
Shields        | 3 |  3.1
Fighting       | |  3.8
Dodging        | |  0.8

Action                     |  1- 3 |  4- 6 || total
---------------------------+-------+-------++-------
  Melee: Long sword        |    74 |    45 ||   119
    Use: Scroll            |     5 |     2 ||     7
 Armour: Scale mail        |    42 |    42 ||    84
  Dodge: Dodged            |    33 |    22 ||    55
  Block: Buckler           |    15 |    27 ||    42
